TOP OF THE 1ST |
Atlanta (MID) Braves batting - Pitching for West Virginia Power : LHP Ryan Rakoff
|
Pitching: LHP Ryan Rakoff
|
|
Batting: SHB Brandon McClain
|
0-0: Foul Ball, location: 2F 0-1: Swinging Strike 0-2: Ball 1-2: Ground out 6-3 (Groundball, 6, EV 100.0 MPH)
|
Batting: RHB Andy Cunningham
|
0-0: Ball 1-0: Ball 2-0: SINGLE (Groundball, 56S, EV 65.0 MPH) (infield hit)
|
Batting: RHB Joseph Kirchmann
|
0-0: Ball 1-0: Ball 2-0: Fielders Choice at 2nd, 5-4 (Groundball, 56, EV 90.0 MPH)
|
Batting: RHB Corey Dalton
|
0-0: Called Strike 0-1: Ball 1-1: Fly out, F8 (Flyball, 8RXD, EV 106.9 MPH)
|
Top of the 1st over - 0 runs, 1 hit, 0 errors, 1 left on base; Atlanta (MID) 0 - West Virginia 0 |
BOTTOM OF THE 1ST |
West Virginia Power batting - Pitching for Atlanta (MID) Braves : RHP Josh Thomas
|
Pitching: RHP Josh Thomas
|
|
Batting: LHB Micah Boshnjaku
|
0-0: Ball 1-0: Ball 2-0: Called Strike 2-1: Foul Ball, location: 2F 2-2: Ball 3-2: Base on Balls
|
Batting: SHB Brad Day
|
0-0: Ball Micah Boshnjaku steals 2nd base 1-0: Called Strike 1-1: Ball 2-1: Called Strike 2-2: Ground out 1-3 (Groundball, P, EV 66.9 MPH) Micah Boshnjaku to third
|
Batting: SHB Francisco Gutierrez
|
0-0: Ball 1-0: Foul Ball, location: 2F 1-1: Called Strike 1-2: Ball 2-2: Strikes out swinging
|
Batting: RHB Tom Primmer
|
0-0: 2-RUN HOME RUN (Flyball, 78XD, EV 101.9 MPH), Distance : 398 ft
|
Batting: RHB Ron Corn
|
0-0: Ball 1-0: Called Strike 1-1: Fly out, F8 (Line Drive, 8RM, EV 88.1 MPH)
|
Bottom of the 1st over - 2 runs, 1 hit, 0 errors, 0 left on base; Atlanta (MID) 0 - West Virginia 2 |
TOP OF THE 2ND |
Atlanta (MID) Braves batting - Pitching for West Virginia Power : LHP Ryan Rakoff
|
Batting: RHB Mike Shook
|
0-0: Called Strike 0-1: DOUBLE (Flyball, 8RXD, EV 110.6 MPH)
|
Batting: RHB Yorkis Saiki
|
0-0: Ball 1-0: Called Strike 1-1: Foul Ball, location: 2F 1-2: Ground out 5-3 (Groundball, 56, EV 88.1 MPH)
|
Batting: RHB Nick Platt
|
0-0: Ball 1-0: Ground out 1-3 (Groundball, 15, EV 65.6 MPH)
|
Batting: LHB Mark Thomas
|
0-0: Ball 1-0: Ball 2-0: Ball 3-0: Called Strike 3-1: Foul Ball, location: 2F 3-2: Strikes out looking
|
Top of the 2nd over - 0 runs, 1 hit, 0 errors, 1 left on base; Atlanta (MID) 0 - West Virginia 2 |
BOTTOM OF THE 2ND |
West Virginia Power batting - Pitching for Atlanta (MID) Braves : RHP Josh Thomas
|
Batting: RHB Dennis Coppolino
|
0-0: Called Strike 0-1: Foul Ball, location: 2F 0-2: Ball 1-2: Ball 2-2: Fly out, F8 (Flyball, 8LS, EV 93.8 MPH)
|
Batting: RHB Alfredo Medrano
|
0-0: Ball 1-0: Called Strike 1-1: Ball 2-1: Foul Ball, location: 2F 2-2: Foul Ball, location: 2F 2-2: Fly out, F7 (Flyball, 7LM, EV 86.3 MPH)
|
Batting: RHB Yoshiaki Tsutsui
|
0-0: Ball 1-0: Ground out 4-3 (Groundball, 4, EV 105.0 MPH)
|
Bottom of the 2nd over - 0 runs, 0 hits, 0 errors, 0 left on base; Atlanta (MID) 0 - West Virginia 2 |
TOP OF THE 3RD |
Atlanta (MID) Braves batting - Pitching for West Virginia Power : LHP Ryan Rakoff
|
Batting: RHB Bobby Light
|
0-0: Ball 1-0: Called Strike 1-1: Ground out 5-3 (Groundball, 5S, EV 68.1 MPH)
|
Batting: SHB Brandon McClain
|
0-0: Swinging Strike 0-1: Ball 1-1: Ground out 6-3 (Groundball, 6MD, EV 108.1 MPH)
|
Batting: RHB Andy Cunningham
|
0-0: Called Strike 0-1: Ground out 4-3 (Groundball, 4MD, EV 104.4 MPH)
|
Top of the 3rd over - 0 runs, 0 hits, 0 errors, 0 left on base; Atlanta (MID) 0 - West Virginia 2 |
BOTTOM OF THE 3RD |
West Virginia Power batting - Pitching for Atlanta (MID) Braves : RHP Josh Thomas
|
Batting: RHB John Beiswenger
|
0-0: Ball 1-0: Ball 2-0: Ball 3-0: Base on Balls
|
Batting: LHB Micah Boshnjaku
|
0-0: Foul Ball, location: 2F 0-1: Ball 1-1: Swinging Strike 1-2: Foul Ball, location: 2F 1-2: Ball 2-2: Foul Ball, location: 2F 2-2: Foul Ball, location: 2F 2-2: Ball 3-2: Foul Ball, location: 2F 3-2: Strikes out looking
|
Batting: SHB Brad Day
|
0-0: Ball 1-0: Ball 2-0: Foul Ball, location: 2F 2-1: Foul Ball, location: 2F 2-2: Fly out, F9 (Flyball, 9D, EV 104.4 MPH)
|
Batting: SHB Francisco Gutierrez
|
0-0: Ball 1-0: Called Strike 1-1: SINGLE (Groundball, 25, EV 63.1 MPH) (infield hit) John Beiswenger to second
|
Batting: RHB Tom Primmer
|
0-0: Ball 1-0: Called Strike 1-1: Ball 2-1: Ball 3-1: Swinging Strike 3-2: Strikes out swinging
|
Bottom of the 3rd over - 0 runs, 1 hit, 0 errors, 2 left on base; Atlanta (MID) 0 - West Virginia 2 |
TOP OF THE 4TH |
Atlanta (MID) Braves batting - Pitching for West Virginia Power : LHP Ryan Rakoff
|
Batting: RHB Joseph Kirchmann
|
0-0: Called Strike 0-1: Fly out, F3 (Popup, 3S, EV 79.4 MPH)
|
Batting: RHB Corey Dalton
|
0-0: Ball 1-0: Ground out 6-3 (Groundball, 6M, EV 85.6 MPH)
|
Batting: RHB Mike Shook
|
0-0: Ground out 6-3 (Groundball, 6, EV 86.9 MPH)
|
Top of the 4th over - 0 runs, 0 hits, 0 errors, 0 left on base; Atlanta (MID) 0 - West Virginia 2 |
BOTTOM OF THE 4TH |
West Virginia Power batting - Pitching for Atlanta (MID) Braves : RHP Josh Thomas
|
Batting: RHB Ron Corn
|
0-0: SINGLE (Groundball, 6MD, EV 104.4 MPH)
|
Batting: RHB Dennis Coppolino
|
0-0: Called Strike Ron Corn steals 2nd base 0-1: Ball 1-1: Ball 2-1: Swinging Strike 2-2: Fly out, F4 (Popup, 4, EV 63.1 MPH)
|
Batting: RHB Alfredo Medrano
|
0-0: Ball Ron Corn steals 3rd base 1-0: Ball 2-0: Called Strike 2-1: Swinging Strike 2-2: Foul Ball, location: 2F 2-2: Ball 3-2: Base on Balls
|
Batting: RHB Yoshiaki Tsutsui
|
0-0: Foul Ball, location: 2F 0-1: Called Strike 0-2: Fly out, F7 (Flyball, 78S, EV 70.6 MPH) Runner from 3rd tags up, SCORES, throw by LF
|
Batting: RHB John Beiswenger
|
0-0: Called Strike 0-1: Ball 1-1: Ball 2-1: Ball 3-1: SINGLE (Groundball, 6, EV 104.4 MPH) Alfredo Medrano to second
|
Batting: LHB Micah Boshnjaku
|
0-0: Foul Ball, location: 2F 0-1: Foul Ball, location: 2F 0-2: Foul Ball, location: 2F 0-2: Hit by Pitch Alfredo Medrano to third John Beiswenger to second
|
Batting: SHB Brad Day
|
0-0: Ball 1-0: Fielders Choice at 2nd, 6-4 (Groundball, 56D, EV 83.8 MPH)
|
Bottom of the 4th over - 1 run, 2 hits, 0 errors, 3 left on base; Atlanta (MID) 0 - West Virginia 3 |
TOP OF THE 5TH |
Atlanta (MID) Braves batting - Pitching for West Virginia Power : LHP Ryan Rakoff
|
Batting: RHB Yorkis Saiki
|
0-0: Called Strike 0-1: Ball 1-1: Foul Ball, location: 2F 1-2: Ground out 2-3 (Groundball, 2R, EV 68.8 MPH)
|
Batting: RHB Nick Platt
|
0-0: Called Strike 0-1: Foul Ball, location: 2F 0-2: Ball 1-2: Strikes out looking
|
Batting: LHB Mark Thomas
|
0-0: Ball 1-0: Ball 2-0: Called Strike 2-1: Foul Ball, location: 2F 2-2: Strikes out looking
|
Top of the 5th over - 0 runs, 0 hits, 0 errors, 0 left on base; Atlanta (MID) 0 - West Virginia 3 |
BOTTOM OF THE 5TH |
West Virginia Power batting - Pitching for Atlanta (MID) Braves : RHP Josh Thomas
|
Batting: SHB Francisco Gutierrez
|
0-0: Fly out, F7 (Flyball, 7S, EV 86.9 MPH)
|
Batting: RHB Tom Primmer
|
0-0: Ball 1-0: Ball 2-0: Called Strike 2-1: Called Strike 2-2: Foul Ball, location: 2F 2-2: Reached on error, E1 (Groundball, 15S, EV 62.5 MPH)
|
Batting: RHB Ron Corn
|
0-0: Ball 1-0: Called Strike 1-1: Fielders Choice at 2nd, 5-4 (Groundball, 56, EV 105.0 MPH)
|
Batting: RHB Dennis Coppolino
|
0-0: Ball Ron Corn steals 2nd base 1-0: Ball 2-0: SINGLE (Groundball, 56D, EV 103.8 MPH) Ron Corn to third Runner from 3rd tries for Home, SAFE, throw by LF to home
|
Batting: RHB Alfredo Medrano
|
0-0: Ball 1-0: Ball 2-0: Ball 3-0: Called Strike 3-1: Foul Ball, location: 2F 3-2: Ground out 6-3 (Groundball, 6, EV 83.1 MPH)
|
Bottom of the 5th over - 1 run, 1 hit, 1 error, 1 left on base; Atlanta (MID) 0 - West Virginia 4 |
TOP OF THE 6TH |
Atlanta (MID) Braves batting - Pitching for West Virginia Power : LHP Ryan Rakoff
|
Batting: RHB Bobby Light
|
0-0: Called Strike 0-1: Ball 1-1: Swinging Strike 1-2: Strikes out swinging
|
Batting: SHB Brandon McClain
|
0-0: Ball 1-0: Ball 2-0: Called Strike 2-1: Foul Ball, location: 2F 2-2: DOUBLE (Line Drive, 5D, EV 105.6 MPH)
|
Batting: RHB Andy Cunningham
|
0-0: Called Strike 0-1: Foul Ball, location: 2F 0-2: Ball 1-2: Ground out 5-3 (Groundball, 56S, EV 86.9 MPH)
|
Batting: RHB Joseph Kirchmann
|
0-0: Called Strike 0-1: Swinging Strike 0-2: Ground out 6-3 (Groundball, 6, EV 80.6 MPH)
|
Top of the 6th over - 0 runs, 1 hit, 0 errors, 1 left on base; Atlanta (MID) 0 - West Virginia 4 |
BOTTOM OF THE 6TH |
West Virginia Power batting - Pitching for Atlanta (MID) Braves : RHP Josh Thomas
|
Pitching: RHP Todd Cox
|
|
Batting: RHB Yoshiaki Tsutsui
|
0-0: Foul Ball, location: 2F 0-1: Ball 1-1: Ball 2-1: Foul Ball, location: 2F 2-2: Foul Ball, location: 2F 2-2: Ball 3-2: Foul Ball, location: 2F 3-2: SINGLE (Line Drive, 3L, EV 94.4 MPH)
|
Batting: RHB John Beiswenger
|
0-0: Ball 1-0: Called Strike 1-1: Swinging Strike 1-2: Ball 2-2: Fielders Choice at 2nd, 6-4 (Groundball, 6, EV 107.5 MPH)
|
Batting: LHB Micah Boshnjaku
|
0-0: Ball 1-0: Foul Ball, location: 2F 1-1: Ball 2-1: Foul Ball, location: 2F 2-2: Ball 3-2: TRIPLE (Flyball, 9D, EV 109.4 MPH) John Beiswenger scores
|
Batting: SHB Brad Day
|
0-0: Swinging Strike 0-1: Ball 1-1: Ball Passed Ball! Micah Boshnjaku scores 2-1: Ground out U3 (Groundball, 34S, EV 83.1 MPH)
|
Batting: SHB Francisco Gutierrez
|
0-0: Called Strike 0-1: Ground out 1-3 (Groundball, P, EV 64.4 MPH)
|
Bottom of the 6th over - 2 runs, 2 hits, 0 errors, 0 left on base; Atlanta (MID) 0 - West Virginia 6 |
TOP OF THE 7TH |
Atlanta (MID) Braves batting - Pitching for West Virginia Power : LHP Ryan Rakoff
|
Batting: RHB Corey Dalton
|
0-0: Ball 1-0: Called Strike 1-1: Foul Ball, location: 2F 1-2: Strikes out looking
|
Batting: RHB Mike Shook
|
0-0: Called Strike 0-1: Ball 1-1: Swinging Strike 1-2: Ball 2-2: Ball 3-2: Foul Ball, location: 2F 3-2: Strikes out swinging
|
Batting: RHB Yorkis Saiki
|
0-0: Foul Ball, location: 2F 0-1: Fly out, F4 (Popup, 4M, EV 51.9 MPH)
|
Top of the 7th over - 0 runs, 0 hits, 0 errors, 0 left on base; Atlanta (MID) 0 - West Virginia 6 |
BOTTOM OF THE 7TH |
West Virginia Power batting - Pitching for Atlanta (MID) Braves : RHP Todd Cox
|
Batting: RHB Tom Primmer
|
0-0: Called Strike 0-1: Swinging Strike 0-2: Ball 1-2: Foul Ball, location: 2F 1-2: Foul Ball, location: 2F 1-2: Foul Ball, location: 2F 1-2: Foul Ball, location: 2F 1-2: Ball 2-2: Ball 3-2: Reached on error, E5 (Groundball, 5, EV 98.8 MPH)
|
Pitching: LHP Enrique Lopez
|
|
Batting: RHB Ron Corn
|
Pickoff Throw to First - Error! E1 Tom Primmer to second 0-0: Ball 1-0: Swinging Strike 1-1: Ball Wild Pitch! Tom Primmer to third 2-1: DOUBLE (Line Drive, 7LD, EV 104.4 MPH) Tom Primmer scores
|
Batting: RHB Dennis Coppolino
|
0-0: Ball 1-0: Called Strike 1-1: Foul Ball, location: 2F 1-2: Strikes out swinging
|
Batting: RHB Alfredo Medrano
|
0-0: Called Strike 0-1: Ball 1-1: Ball 2-1: Ball 3-1: Base on Balls
|
Batting: RHB Yoshiaki Tsutsui
|
0-0: Called Strike 0-1: Foul Ball, location: 2F 0-2: Ball 1-2: Fielders Choice at 2nd, 4-6 (Groundball, 4, EV 103.8 MPH) Ron Corn to third
|
Batting: RHB John Beiswenger
|
0-0: Swinging Strike 0-1: Ball 1-1: Foul Ball, location: 2F 1-2: Ball 2-2: Ball 3-2: Foul Ball, location: 2F 3-2: Strikes out swinging
|
Bottom of the 7th over - 1 run, 1 hit, 2 errors, 2 left on base; Atlanta (MID) 0 - West Virginia 7 |
TOP OF THE 8TH |
Atlanta (MID) Braves batting - Pitching for West Virginia Power : LHP Ryan Rakoff
|
Batting: RHB Nick Platt
|
0-0: Foul Ball, location: 2F 0-1: Ball 1-1: DOUBLE (Line Drive, 89M, EV 110.0 MPH) - OUT at third base trying to stretch hit.
|
Batting: LHB Mark Thomas
|
0-0: Foul Ball, location: 2F 0-1: Foul Ball, location: 2F 0-2: Foul Ball, location: 2F 0-2: Fly out, F9 (Line Drive, 9, EV 93.1 MPH)
|
Batting: RHB Bobby Light
|
0-0: Ball 1-0: Ball 2-0: Ground out 6-3 (Groundball, 56, EV 93.1 MPH)
|
Top of the 8th over - 0 runs, 1 hit, 0 errors, 0 left on base; Atlanta (MID) 0 - West Virginia 7 |
BOTTOM OF THE 8TH |
West Virginia Power batting - Pitching for Atlanta (MID) Braves : LHP Enrique Lopez
|
Batting: LHB Micah Boshnjaku
|
0-0: Called Strike 0-1: Foul Ball, location: 2F 0-2: Foul Ball, location: 2F 0-2: Foul Ball, location: 2F 0-2: Ground out U3 (Groundball, 3, EV 110.6 MPH)
|
Pinch Hitting: RHB Ted Goldblatt
|
0-0: Fly out, F8 (Flyball, 78D, EV 96.3 MPH)
|
Batting: SHB Francisco Gutierrez
|
0-0: SINGLE (Groundball, 34D, EV 94.4 MPH)
|
Batting: RHB Tom Primmer
|
0-0: Ball Francisco Gutierrez steals 2nd base 1-0: SINGLE (Groundball, 56, EV 94.4 MPH) Francisco Gutierrez to third Runner from 3rd tries for Home, SAFE, throw by LF to home
|
Pinch Hitting: RHB Jordan Robinson
|
0-0: Foul Ball, location: 2F 0-1: Ball 1-1: SINGLE (Line Drive, 7LS, EV 95.0 MPH) Tom Primmer to second
|
Batting: RHB Dennis Coppolino
|
0-0: Foul Ball, location: 2F 0-1: Ball 1-1: Called Strike 1-2: Ball 2-2: Ground out 4-3 (Groundball, 4MD, EV 96.9 MPH)
|
Bottom of the 8th over - 1 run, 3 hits, 0 errors, 2 left on base; Atlanta (MID) 0 - West Virginia 8 |
TOP OF THE 9TH |
Atlanta (MID) Braves batting - Pitching for West Virginia Power : LHP Ryan Rakoff
|
Now at 3B: Ted Goldblatt
|
|
Now in CF: Jordan Robinson
|
|
Batting: SHB Brandon McClain
|
0-0: Ball 1-0: Ground out 4-3 (Groundball, 4D, EV 104.4 MPH)
|
Batting: RHB Andy Cunningham
|
0-0: Ball 1-0: Called Strike 1-1: Foul Ball, location: 2F 1-2: Ground out 6-3 (Groundball, 6S, EV 84.4 MPH)
|
Batting: RHB Joseph Kirchmann
|
0-0: Foul Ball, location: 2F 0-1: Ball 1-1: Ball 2-1: Swinging Strike 2-2: Ball 3-2: Foul Ball, location: 2F 3-2: Fly out, F9 (Flyball, 9LD, EV 87.5 MPH)
|
Top of the 9th over - 0 runs, 0 hits, 0 errors, 0 left on base; Atlanta (MID) 0 - West Virginia 8 |
|